 Dungeon Crawl Stone Soup version 0.23.1 (webtiles) character file.

Game seed: 0

261270 Lauz the Fencer (level 19, -5/183 HPs)
             Began as a Minotaur Berserker on Mar 3, 2019.
             Was a High Priest of Trog.
             Slain by a dire elephant (16 damage)
             ... on level 4 of the Abyss.
             The game lasted 02:59:45 (42859 turns).

Lauz the Fencer (Minotaur Berserker)               Turns: 42859, Time: 02:59:46

Health: -5/183     AC: 29    Str: 37    XL:     19   Next: 19%
Magic:  15/18      EV: 16    Int:  2    God:    Trog [*****.]
Gold:   3630       SH: 18    Dex: 12    Spells: 18/18 levels left

rFire    . . .     SeeInvis .   x - +9 sword of Zonguldrok {reap}
rCold    + + .     Gourm    +   b - +2 shield
rNeg     . . .     Faith    .   Y - +2 plate armour {rC+}
rPois    .         Spirit   .   (helmet unavailable)
rElec    .         Reflect  .   C - +0 cloak
rCorr    .         Harm     .   v - +2 pair of gloves {archery}
MR       ++...     Clarity  +   S - +2 pair of boots
Stlth    ..........             N - amulet of the gourmand
HPRegen  0.00/turn              u - +4 ring of strength
MPRegen  0.16/turn              B - ring of protection from magic

@: mighty, berserk cooldown, non-regenerating, diseased, slowed, very slow
A: retaliatory headbutt, horns 3, blurry vision 1, clarity, cold resistance 1,
dopey 1, no potion heal 1, MP-powered wands
}: 2/15 runes: barnacled, gossamer
a: Berserk, Trog's Hand, Brothers in Arms, Renounce Religion


You were on level 4 of the Abyss.
You worshipped Trog.
Trog was extremely pleased with you.
You were not hungry.

You visited 6 branches of the dungeon, and saw 32 of its levels.
You visited the Abyss 2 times.
You also visited: Sewer, Gauntlet and Ice Cave.

You collected 3630 gold pieces.

Inventory:

Hand Weapons
 t - the +8 triple sword "Qelan" {drain, rF- Str+6}
   (Trog gifted it to you on level 1 of the Elven Halls)

   A truly terrible weapon, it drains the life of those it strikes.
   It affects your strength (+6).
   It makes you vulnerable to fire.
 w - a +4 blowgun
 x - the +9 sword of Zonguldrok (weapon) {reap}
   (You found it on level 4 of the Shoals)

   If a monster killed with it leaves a corpse in good enough shape, the corpse
   will be animated as a zombie friendly to the killer.
 y - a +4 antimagic double sword
Missiles
 H - 11 javelins of returning (quivered)
 P - 46 silver javelins
 T - 19 javelins of penetration
 Z - 7 needles of confusion
Armour
 b - a +2 shield (worn)
 o - the +1 plate armour of the Enchanted Forest {Str-5 Int+8, unknown}
   (You found it on level 2 of the Abyss)

   It affects your strength (-5).
   It affects your intelligence (+8).
 v - a +2 pair of gloves of archery (worn)
 z - a +3 chain mail of magic resistance
 C - a +0 cloak (worn)
 M - a +0 large shield of cold resistance
 S - a +2 pair of boots (worn)
 Y - a +2 plate armour of cold resistance (worn)
Jewellery
 h - the ring "Hituph" {Fire rN+ Int+3 Dex+4}
   (You found it on level 1 of the Shoals)

   [ring of fire]

   It enhances your fire magic.
   It affects your intelligence (+3).
   It affects your dexterity (+4).
   It protects you from fire.
   It makes you vulnerable to cold.
   It protects you from negative energy.
 j - the ring of Docrat {+Blink rC+ Dex+2}
   (You found it on level 4 of the Dungeon)

   [ring of protection from cold]

   It affects your dexterity (+2).
   It protects you from cold.
   It lets you blink.
 l - an uncursed ring of protection from fire
 u - a +4 ring of strength (left hand)
 B - a ring of protection from magic (right hand)
 N - an amulet of the gourmand (around neck)
 U - the ring "Qob Kutt" {rPois EV+1 Dex+2 SInv}
   (You found it in a Gauntlet)

   [ring of evasion]

   It affects your evasion (+1).
   It affects your dexterity (+2).
   It protects you from poison.
   It lets you see invisible.
Wands
 a - a wand of paralysis (5)
 A - a wand of scattershot (6)
 F - a wand of iceblast (38)
 O - a wand of acid (41)
 Q - a wand of clouds (4)
Scrolls
 g - 2 scrolls of blinking
 i - 17 scrolls of remove curse
 p - 6 scrolls of magic mapping
 q - 5 scrolls of fog
 r - 16 scrolls of teleportation
 D - 4 scrolls of enchant armour
 E - a scroll of holy word
 G - 6 scrolls of enchant weapon
 I - 2 scrolls of identify
 L - a scroll of brand weapon
 V - 4 scrolls of fear
Potions
 e - 4 potions of ambrosia
 f - 3 potions of invisibility
 k - 8 potions of might
 m - 3 potions of haste
 n - 21 potions of curing
 s - 5 potions of agility
 J - 2 potions of resistance
 K - 2 potions of cancellation
 R - 4 potions of mutation
 W - 7 potions of flight
 X - a potion of brilliance
Comestibles
 c - 49 rations


   Skills:
 + Level 19.3 Fighting
 + Level 19.5 Long Blades
 + Level 6.2 Throwing
 + Level 17.7 Armour
 * Level 14.1 Dodging
 + Level 17.7 Shields
 - Level 0.9 Evocations


You had 18 spell levels left.
You didn't know any spells.
Your spell library was empty.

Dungeon Overview and Level Annotations

Branches:
Dungeon (13/15)            Temple (0/1) D:5            Lair (6/6) D:8
 Shoals (4/4) Lair:2       Spider (4/4) Lair:4        Slime (0/5) Lair:6
    Orc (2/2) D:10            Elf (3/3) Orc:2
 Vaults: D:13-14

Altars:
Cheibriados
Dithmenos
Fedhas
Gozag
Kikubaaqudgha
Okawaru
Qazlal
Ru
Trog
Vehumet
Wu Jian
Zin
Beogh
Jiyva

Shops:
D:9 %   Orc:2 ==*([   Elf:2 (

Portals:
Trove: D:10 (give 13 scrolls of teleportation)


Innate Abilities, Weirdness & Mutations

You reflexively headbutt those who attack you in melee.
You have a pair of large horns on your head.
Scrolls take you a little longer to read.
You possess an exceptional clarity of mind.
Your flesh is cold resistant. (rC+)
You are dopey. (Int -2)
Potions are less effective at restoring your health.
You expend magic power (3 MP) to strengthen your wands.


Message History

You block the dire elephant's attack.
The hellephant is engulfed in noxious fumes.
The dire elephant tramples you but does no damage.
The dire elephant trunk-slaps you but does no damage.
The spatial maelstrom misses you.
You riposte.
You slice the spatial maelstrom!!
The spatial maelstrom is heavily damaged.
You block the spatial maelstrom's attack. 2 spatial vortices come into view.
You cut the spatial maelstrom into ribbons!!!
You destroy the spatial maelstrom!
Trog accepts your kill.
The dire elephant is engulfed in noxious fumes.
The dire elephant appears confused.
You block the spatial vortex's attack.
The dire elephant is engulfed in noxious fumes.
The dire elephant appears confused.
The dire elephant tramples the dire elephant but does no damage.
The dire elephant trunk-slaps the dire elephant!
The dire elephant tramples you!
You die...

#.#.≈.. .
.§#§§§§§≈
#≈.§≈§≈# #####
.#§.§§§≈≈≈≈≈.≈≈≈
...§≈§≈§≈.Y....≈
.≈≈§≈≈≈ O.8...
#§§q§######
#§YY#...vv#


#§YY@vYqvv# #§§Y##8...# #§≈. #### ≈§§≈≈. #.≈≈≈≈≈≈Y #..§§§≈≈≈ #§..≈≈§### ##≈..≈≈
You could see a hellephant, 5 dire elephants, 2 draconians and 5 spatial
vortices.

Vanquished Creatures
  An ancient lich (Abyss:2)
  Mara (Spider:3)
  A tentacled monstrosity (Abyss:2)
  Rupert (D:12)
  2 deep elf blademasters
  2 tentacled starspawn
  Donald (Elf:3)
  Roxanne (Spider:4)
  Kirke (Shoals:1)
  The ghost of Lavandula the Brawler, a journeyman TrWn of Nemelex Xobeh (Shoals:1)
  A deep elf sorcerer (Elf:3)
  2 ghost moths (Spider:4)
  2 cacodemons
  Louise (Elf:2)
  A frost giant (IceCv)
  6 emperor scorpions
  A reaper (Abyss:2)
  3 entropy weavers
  2 deep elf annihilators (Elf:3)
  6 merfolk javelineers
  2 blizzard demons
  8 merfolk impalers
  A fire dragon (Lair:6)
  Harold (D:8)
  Fannar (Orc:1)
  A merfolk avatar (Shoals:4)
  An ogre mage (Orc:1)
  3 alligator snapping turtles
  5 satyrs (Shoals:3)
  7 two-headed ogres
  17 dancing weapons
  4 merfolk aquamancers
  3 thrashing horrors
  5 orc high priests
  Urug (D:13)
  A soul eater (Abyss:2)
  13 deep elf knights
  Nergalle (Orc:1)
  A fire crab (Lair:6)
  A sixfirhy (Abyss:4)
  11 sea snakes
  3 unseen horrors
  2 spatial maelstroms
  11 deep elf archers
  Pikel (D:8)
  A wizard (Gauntlet)
  A lindwurm (Lair:6)
  An orc knight (Orc:1)
  12 orb spiders
  45 deep elf magi
  18 harpies
  21 fauns
  19 wolf spiders
  2 oklob plants
  4 orc sorcerers
  An ugly thing (D:11)
  4 cyclopes
  11 manticores
  A worldbinder (Abyss:3)
  Maurice (D:12)
  A moth of wrath (Spider:4)
  A rust devil (Abyss:2)
  7 water nymphs
  3 molten gargoyles (Lair:6)
  Psyche (D:12)
  6 merfolk sirens
  An ice statue (IceCv)
  An orange demon (Abyss:2)
  7 black mambas
  2 large abominations (Abyss:2)
  2 smoke demons
  A gargoyle (D:10)
  3 torpor snails
  13 komodo dragons
  9 spiny frogs
  A hellion (Abyss:2)
  A minotaur zombie (Gauntlet)
  2 rime drakes
  14 demonic crawlers
  An ice devil (Gauntlet)
  4 ancient zymes
  A hellwing (Abyss:3)
  27 merfolk
  7 hornets
  22 jumping spiders
  5 trolls
  15 polar bears (IceCv)
  9 snapping turtles
  Grinder (D:6)
  5 wind drakes
  13 raiju
  17 dream sheep
  14 blink frogs
  9 hippogriffs
  4 flying skulls (Abyss:2)
  A vampire (D:13)
  2 ynoxinuls
  18 tarantellas
  7 water elementals
  2 fire elementals
  53 redbacks
  7 wyverns
  37 yaks
  6 wraiths
  A steam dragon (Lair:6)
  2 hungry ghosts
  4 hogs (Shoals:1)
  6 basilisks
  4 neqoxecs
  5 wargs
  Menkaure (D:5)
  2 small abominations (Abyss:2)
  An acid dragon (Gauntlet)
  3 spatial vortices (Abyss:2)
  Edmund (D:5)
  5 hell hounds (Lair:6)
  12 water moccasins
  7 porcupines
  Duvessa (D:5)
  24 orc warriors
  3 ice beasts
  4 phantoms
  2 sky beasts
  A slave (D:8)
  An eye of draining (D:13)
  23 ogres
  17 wolves
  14 centaurs
  11 crocodiles
  A big kobold (D:13)
  12 bullfrogs
  A wyvern zombie (D:9)
  A gnoll sergeant (D:12)
  An earth elemental (Elf:2)
  Dowan (D:5)
  A wyvern skeleton (D:13)
  8 killer bees
  6 scorpions
  15 wights
  5 electric eels
  4 howler monkeys
  4 crimson imps
  5 lava snakes (Lair:6)
  7 starcursed masses
  3 quasits
  2 centaur skeletons (D:8)
  8 hounds
  2 jellies
  17 orc priests
  A bullfrog zombie (D:12)
  2 centaur zombies
  19 orc wizards
  An iron imp (Abyss:2)
  Ijyb (D:5)
  Jessica (D:3)
  2 bullfrog skeletons
  5 iguanas
  8 worker ants
  7 hell rats (Lair:6)
  A centaur simulacrum (D:8)
  A bullfrog simulacrum (D:8)
  A mummy (D:5)
  3 worker ant zombies
  18 gnolls
  17 adders
  4 river rats
  5 shadow imps
  4 white imps (D:8)
  An adder skeleton (D:4)
  An adder zombie (D:9)
  5 worms
  A dart slug (D:1)
  An adder simulacrum (D:8)
  6 leopard geckos
  57 orcs
  3 bat zombies (D:4)
  4 giant cockroaches
  7 goblins
  3 hobgoblins
  11 jackals
  14 kobolds
  7 quokkas
  7 ball pythons
  2 bats
  9 frilled lizards
  A leopard gecko simulacrum (D:8)
  2 leopard gecko skeletons
  11 rats
  6 plants
1166 creatures vanquished.

Vanquished Creatures (collateral kills)
  Arachne (Spider:2)
  An emperor scorpion (Spider:4)
  An orc warlord (Orc:1)
  A ghost moth (Spider:4)
  A minotaur (Gauntlet)
  2 merfolk impalers (Shoals:4)
  2 merfolk aquamancers (Shoals:4)
  A dancing weapon (Elf:2)
  A deep elf knight (Elf:2)
  A spatial maelstrom (Abyss:4)
  2 deep elf magi
  11 orb spiders
  An orc knight (Orc:1)
  5 wolf spiders
  A moth of wrath (Spider:3)
  A torpor snail (Spider:4)
  An orange demon (Abyss:4)
  2 water nymphs (Shoals:4)
  6 jumping spiders
  2 merfolk (Shoals:4)
  A hippogriff (Shoals:4)
  24 redbacks
  9 tarantellas
  A spatial vortex (Abyss:4)
  A warg (Orc:1)
  2 orc warriors (Orc:1)
  An electric eel (Spider:1)
  6 starcursed masses (Abyss:2)
  2 orcs
91 creatures vanquished.

Vanquished Creatures (others)
  A deep elf mage (Elf:1)
  2 orb spiders
  2 humans (Shoals:1)
  A dream sheep (Shoals:1)
  An orc warrior (Orc:2)
  2 slaves (D:8)
  A sky beast (D:8)
  A killer bee zombie (D:8)
  A gnoll (Orc:2)
  A white imp (D:8)
  A worker ant simulacrum (D:8)
  An orc (Orc:2)
  3 jackals (D:8)
  3 fungi
  7 plants
  5 starspawn tentacles
33 creatures vanquished.

Grand Total: 1290 creatures vanquished

Notes
Turn   | Place    | Note
-------+----------+-------------------------------------------
     0 | D:1      | Lauz the Minotaur Berserker began the quest for the Orb.
     0 | D:1      | Reached XP level 1. HP: 19/19 MP: 0/0
   348 | D:1      | Reached XP level 2. HP: 18/27 MP: 1/1
   934 | D:2      | Found a stormy altar of Qazlal.
  1187 | D:2      | Reached XP level 3. HP: 28/33 MP: 2/2
  1590 | D:2      | Reached ** piety under Trog
  2049 | D:3      | Noticed Jessica
  2054 | D:3      | Reached XP level 4. HP: 39/41 MP: 3/3
  2055 | D:3      | Killed Jessica
  2055 | D:3      | Reached skill level 5 in Long Blades
  2064 | D:3      | Reached skill level 5 in Fighting
  2064 | D:3      | Reached XP level 5. HP: 16/48 MP: 4/4
  2350 | D:3      | Found a bloodstained altar of Trog.
  2351 | D:3      | Found an iron altar of Okawaru.
  2566 | D:3      | Found a glowing drain.
  2580 | Sewer    | Entered a sewer
  3238 | Sewer    | Reached *** piety under Trog
  3417 | D:3      | Noticed an ogre
  3423 | D:3      | Killed an ogre
  3423 | D:3      | Reached XP level 6. HP: 56/56 MP: 5/5
  3916 | D:3      | Found a faded altar of an unknown god.
  4386 | D:4      | Got a twitching glass ring
  4522 | D:4      | Found an ancient bone altar of Kikubaaqudgha.
  4574 | D:4      | Reached XP level 7. HP: 63/63 MP: 6/6
  5337 | D:4      | Reached skill level 5 in Dodging
  5827 | D:5      | Entered Level 5 of the Dungeon
  6096 | D:5      | Noticed Dowan
  6097 | D:5      | Noticed Duvessa
  6111 | D:5      | Reached skill level 1 in Shields
  6111 | D:5      | Reached XP level 8. HP: 50/71 MP: 7/7
  6112 | D:5      | Killed Duvessa
  6115 | D:5      | Killed Dowan
  6290 | D:5      | Noticed Edmund
  6305 | D:5      | Killed Edmund
  6305 | D:5      | Reached **** piety under Trog
  6320 | D:5      | Identified the ring of Docrat {+Blink rC+ Dex+2} (You found
                  | it on level 4 of the Dungeon)
  6424 | D:5      | Reached skill level 5 in Armour
  6454 | D:5      | Noticed Menkaure
  6464 | D:5      | Killed Menkaure
  6517 | D:5      | Noticed Ijyb
  6529 | D:5      | Killed Ijyb
  6596 | D:5      | Found a staircase to the Ecumenical Temple.
  6761 | D:5      | Found a snail-covered altar of Cheibriados.
  6926 | D:5      | Paralysed by fainting for 7 turns
  7152 | D:6      | Reached skill level 10 in Long Blades
  7152 | D:6      | Reached XP level 9. HP: 66/79 MP: 8/8
  7517 | D:6      | Found a blossoming altar of Fedhas.
  7602 | D:6      | Noticed Grinder
  7625 | D:6      | Killed Grinder
  8110 | D:7      | Found a radiant altar of Vehumet.
  8508 | D:8      | Found a sacrificial altar of Ru.
  8523 | D:8      | Reached ***** piety under Trog
  8635 | D:8      | Found a staircase to the Lair.
  8764 | D:8      | Noticed Pikel
  8778 | D:8      | Killed Pikel
  8778 | D:8      | Reached skill level 5 in Shields
  8778 | D:8      | Reached XP level 10. HP: 87/90 MP: 9/9
  8879 | D:8      | Noticed Harold
  8908 | D:8      | Killed Harold
  9358 | D:8      | Killed an unseen horror
  9358 | D:8      | Received a gift from Trog
 10301 | D:9      | Noticed a two-headed ogre
 10313 | D:9      | Killed a two-headed ogre
 10313 | D:9      | Reached XP level 11. HP: 60/99 MP: 10/10
 10609 | D:9      | Found a glowing silver altar of Zin.
 10609 | D:9      | Noticed an angel
 10658 | D:9      | Found Gady's Food Boutique.
 11067 | D:10     | Entered Level 10 of the Dungeon
 11159 | D:10     | Reached skill level 10 in Armour
 11341 | D:10     | Found a portal to a secret trove of treasure.
 11464 | D:10     | Reached skill level 10 in Fighting
 11621 | D:10     | Found a staircase to the Orcish Mines.
 11883 | D:10     | Received a gift from Trog
 12005 | D:10     | Paralysed by a hornet for 3 turns
 12358 | D:11     | Killed an unseen horror
 12444 | D:11     | Killed an unseen horror
 12817 | D:11     | Noticed a red ugly thing
 12831 | D:11     | Killed a red ugly thing
 13125 | D:11     | Got a smoking chain mail
 13136 | D:11     | Identified the +1 chain mail of Inference {rN+ Stlth+} (You
                  | found it on level 11 of the Dungeon)
 13740 | D:12     | Noticed Maurice
 13754 | D:12     | Killed Maurice
 13795 | D:12     | Received a gift from Trog
 13954 | D:12     | Noticed a two-headed ogre
 13967 | D:12     | Killed a two-headed ogre
 13967 | D:12     | Reached XP level 12. HP: 53/110 MP: 11/11
 14233 | D:12     | Noticed Rupert
 14246 | D:12     | Killed Rupert
 14590 | D:12     | Noticed Psyche
 14599 | D:12     | Killed Psyche
 14871 | D:13     | Noticed Urug
 14883 | D:13     | Killed Urug
 14898 | D:13     | Found a gate leading to a gauntlet.
 14908 | Gauntlet | Entered a Gauntlet
 14908 | Gauntlet | Found a transporter.
 14908 | Gauntlet | Found a transporter.
 14909 | Gauntlet | Found a transporter.
 14909 | Gauntlet | Found a transporter.
 14912 | Gauntlet | Found a transporter.
 14912 | Gauntlet | Found a transporter.
 14925 | Gauntlet | Found a transporter.
 14927 | Gauntlet | Found a transporter.
 14938 | Gauntlet | Found a transporter.
 14939 | Gauntlet | Noticed a blizzard demon
 15030 | Gauntlet | Found a transporter.
 15034 | Gauntlet | Found a transporter.
 15047 | Gauntlet | Found a transporter.
 15293 | Gauntlet | Reached skill level 15 in Long Blades
 15401 | Gauntlet | Killed a blizzard demon
 15713 | Gauntlet | Got a brightly glowing platinum ring
 15727 | Gauntlet | Noticed a minotaur
 15742 | Gauntlet | Killed a minotaur
 16031 | Gauntlet | Identified the ring "Qob Kutt" {rPois EV+1 Dex+2 SInv} (You
                  | found it in a Gauntlet)
 16432 | Lair:1   | Entered Level 1 of the Lair of Beasts
 16694 | Lair:1   | Found an opulent altar of Gozag.
 16860 | Lair:1   | Got a pair of encrusted boots
 16871 | Lair:1   | Identified the cursed +0 pair of boots "Zoex" {rElec Str-2
                  | Int+4} (You found it on level 1 of the Lair of Beasts)
 17011 | Lair:1   | Got an iridescent long sword
 17012 | Lair:1   | Identified the cursed +1 long sword of Infection {venom,
                  | *Slow rPois MR+++ Dex-5} (You found it on level 1 of the
                  | Lair of Beasts)
 17316 | Lair:2   | Found a frozen archway.
 17344 | IceCv    | Entered an ice cave
 17350 | IceCv    | Reached XP level 13. HP: 119/119 MP: 12/12
 17353 | IceCv    | Received a gift from Trog
 18009 | IceCv    | Noticed a frost giant
 18028 | IceCv    | Killed a frost giant
 18138 | IceCv    | Got a twisted great mace
 19067 | Lair:2   | Found a staircase to the Shoals.
 19524 | Lair:3   | Identified the cursed +1 great mace of Painful Death
                  | {drain, rF+ MR+ Str-5 Dex+4} (You found it in an ice cave)
 19977 | Lair:3   | You fall through a shaft!
 20913 | Lair:4   | Found an ornate altar of the Wu Jian Council.
 21394 | Lair:4   | Received a gift from Trog
 21461 | Lair:4   | Found a hole to the Spider Nest.
 22262 | Lair:5   | Reached XP level 14. HP: 132/132 MP: 13/13
 22367 | Lair:6   | Entered Level 6 of the Lair of Beasts
 22420 | Lair:6   | Gained mutation: Your body sometimes deteriorates upon
                  | taking damage. [potion of mutation]
 22420 | Lair:6   | Gained mutation: You expend magic power (3 MP) to
                  | strengthen your wands. [potion of mutation]
 22421 | Lair:6   | Lost mutation: You expend magic power (3 MP) to strengthen
                  | your wands. [potion of mutation]
 22421 | Lair:6   | Lost mutation: Your body sometimes deteriorates upon taking
                  | damage. [potion of mutation]
 22421 | Lair:6   | Gained mutation: You evolve. [potion of mutation]
 22421 | Lair:6   | Gained mutation: You expend magic power (3 MP) to
                  | strengthen your wands. [potion of mutation]
 22446 | Lair:6   | Received a gift from Trog
 22480 | Lair:6   | Found a shadowy altar of Dithmenos.
 22934 | Lair:6   | Gained mutation: You have a pair of large horns on your
                  | head. [evolution]
 23022 | Lair:6   | Found a viscous altar of Jiyva.
 23022 | Lair:6   | Found a staircase to the Slime Pits.
 23506 | Lair:6   | Found a large runed translucent door.
 23577 | Lair:6   | Reached skill level 15 in Armour
 23579 | Lair:6   | Reached skill level 15 in Fighting
 23948 | Lair:6   | Found a large runed translucent door.
 24302 | Orc:1    | Entered Level 1 of the Orcish Mines
 24317 | Orc:1    | Noticed Fannar
 24365 | Orc:1    | Noticed Nergalle
 24366 | Orc:1    | Killed Fannar
 24372 | Orc:1    | Killed Nergalle
 24979 | Orc:2    | Entered Level 2 of the Orcish Mines
 25001 | Orc:1    | Reached ****** piety under Trog
 25241 | Orc:2    | Noticed an orc warlord
 25251 | Orc:1    | Received a gift from Trog
 25253 | Orc:1    | Gained mutation: You possess an exceptional clarity of
                  | mind. [evolution]
 25253 | Orc:1    | Lost mutation: You evolve. [end of evolution]
 25269 | Orc:1    | Killed an orc warlord
 25845 | Orc:2    | Received a gift from Trog
 26026 | Orc:2    | Found a bloodstained altar of Trog.
 26058 | Orc:2    | Found Xiufim's Antique Armour Boutique.
 26063 | Orc:2    | Found a staircase to the Elven Halls.
 26115 | Orc:2    | Found Yphes's Antique Weapon Emporium.
 26186 | Orc:2    | Found Ahat's General Store.
 26269 | Orc:2    | Found Plog's Jewellery Shoppe.
 26292 | Orc:2    | Found Xirutt's Jewellery Boutique.
 26435 | Orc:2    | Found a roughly hewn altar of Beogh.
 26769 | Shoals:1 | Entered Level 1 of the Shoals
 26822 | Shoals:1 | Reached XP level 15. HP: 140/143 MP: 4/14
 26967 | Shoals:1 | Noticed Kirke
 26968 | Shoals:1 | Found a transporter.
 26999 | Shoals:1 | Killed Kirke
 27036 | Shoals:1 | Reached skill level 10 in Shields
 27238 | Shoals:1 | Noticed Lavandula's ghost (journeyman TrWn)
 27271 | Shoals:1 | Found a transporter.
 27309 | Shoals:1 | Killed Lavandula's ghost
 27752 | Shoals:1 | Got a vibrating wooden ring
 27756 | Shoals:1 | Identified the ring "Hituph" {Fire rN+ Int+3 Dex+4} (You
                  | found it on level 1 of the Shoals)
 28234 | Shoals:1 | Received a gift from Trog
 28542 | Shoals:1 | Reached skill level 1 in Throwing
 28558 | Shoals:1 | Received a gift from Trog
 29595 | Shoals:2 | Received a gift from Trog
 30621 | Shoals:3 | Received a gift from Trog
 30644 | Shoals:3 | Reached skill level 10 in Dodging
 30644 | Shoals:3 | Reached XP level 16. HP: 97/152 MP: 5/15
 31189 | Shoals:3 | Reached skill level 5 in Throwing
 31673 | Shoals:4 | Entered Level 4 of the Shoals
 32456 | Shoals:4 | Got a steaming chain mail
 32467 | Shoals:4 | Identified the cursed +1 chain mail of Dithmenos's
                  | Supremacy {rF+ rN++ Int-4 SInv} (You found it on level 4 of
                  | the Shoals)
 32467 | Shoals:4 | Lost intelligence.
 32648 | Shoals:4 | Received a gift from Trog
 32947 | Shoals:4 | Got a barnacled rune of Zot
 33037 | Shoals:4 | Found the +9 sword of Zonguldrok {reap}
 33048 | Shoals:4 | Received a gift from Trog
 33964 | Spider:1 | Entered Level 1 of the Spider Nest
 34346 | Spider:1 | Received a gift from Trog
 34923 | Spider:2 | Reached XP level 17. HP: 122/162 MP: 16/16
 35111 | Spider:2 | Received a gift from Trog
 35337 | Spider:2 | Noticed Arachne
 35357 | Spider:2 | Killed Arachne
 35840 | Spider:3 | Noticed Mara
 35851 | Spider:3 | Killed Mara
 35880 | Spider:3 | Reached skill level 15 in Shields
 35904 | Spider:3 | Received a gift from Trog
 36999 | Spider:4 | Entered Level 4 of the Spider Nest
 37111 | Spider:4 | Noticed Roxanne
 37127 | Spider:4 | Killed Roxanne
 37425 | Spider:4 | Got a gossamer rune of Zot
 37633 | Spider:4 | Received a gift from Trog
 38146 | Elf:1    | Entered Level 1 of the Elven Halls
 38172 | Elf:1    | Received a gift from Trog
 38176 | Elf:1    | Got a crude triple sword {god gift}
 38182 | Elf:1    | Identified the +8 triple sword "Qelan" {drain, rF- Str+6}
                  | (Trog gifted it to you on level 1 of the Elven Halls)
 38695 | Elf:1    | Reached XP level 18. HP: 167/173 MP: 17/17
 39624 | Elf:2    | Received a gift from Trog
 40048 | Elf:2    | Found Gazuin's Antique Weapon Emporium.
 40315 | Elf:2    | Found a huge runed translucent gate.
 40315 | Elf:2    | Found a huge runed translucent gate.
 40315 | Elf:2    | Found a huge runed translucent gate.
 40315 | Elf:2    | Found a huge runed translucent gate.
 40336 | Elf:2    | Found a huge runed translucent gate.
 40540 | Elf:2    | Noticed Louise
 40997 | Elf:2    | Cast into level 2 of the Abyss (Louise)
 41009 | Abyss:2  | Got a faintly glowing plate armour
 41136 | Abyss:2  | Received a gift from Trog
 41229 | Abyss:2  | Gained mutation: Your flesh is cold resistant. (rC+) [a
                  | neqoxec]
 41259 | Abyss:2  | Paralysed by accursed screaming for 1 turns
 41265 | Abyss:2  | Paralysed by accursed screaming for 1 turns
 41267 | Abyss:2  | Found a corrupted altar of Lugonu.
 41272 | Abyss:2  | Gained mutation: Scrolls take you a little longer to read.
                  | [a neqoxec]
 41287 | Abyss:2  | Paralysed by accursed screaming for 1 turns
 41379 | Abyss:2  | Noticed a tentacled monstrosity
 41388 | Abyss:2  | Killed a tentacled monstrosity
 41406 | Abyss:2  | Noticed an ancient lich
 41428 | Abyss:2  | Killed an ancient lich
 41433 | Elf:2    | Escaped the Abyss
 41629 | Elf:2    | Killed Louise
 42010 | Elf:3    | Entered Level 3 of the Elven Halls
 42070 | Elf:3    | Noticed Donald
 42089 | Elf:3    | Killed Donald
 42319 | Elf:3    | Received a gift from Trog
 42330 | Elf:3    | Reached XP level 19. HP: 163/183 MP: 6/18
 42546 | Elf:2    | Cast into level 3 of the Abyss (a deep elf sorcerer)
 42836 | Abyss:4  | Gained mutation: Potions are less effective at restoring
                  | your health. [a cacodemon]
 42840 | Abyss:4  | Gained mutation: You are dopey. (Int -2) [a neqoxec]
 42857 | Abyss:4  | Found a corrupted altar of Lugonu.
 42857 | Abyss:4  | Noticed a hellephant
 42859 | Abyss:4  | Slain by a dire elephant

Skill      XL: |  1  2  3  4  5  6  7  8  9 10 11 12 13 14 15 16 17 18 19 |
---------------+----------------------------------------------------------+-----
Fighting       | 4 5 6 7 8 9 11 12 14 15 16 17 18 19 | 19.3
Long Blades    | 4 5 6 7 8 10 11 12 14 15 16 17 18 19 | 19.5
Dodging        | 3 4 5 6 7 8 10 11 12 13 14 | 14.1
Armour         | 3 5 8 9 11 13 14 15 16 17 | 17.7
Shields        | 1 2 5 6 9 12 14 16 17 | 17.7
Throwing       | 4 6 |  6.2
Evocations     | |  0.9

Action                   |  1- 3 |  4- 6 |  7- 9 | 10-12 | 13-15 | 16-18 | 19-21 || total
-------------------------+-------+-------+-------+-------+-------+-------+-------++-------
Melee: Falchion          |    72 |   119 |    50 |       |       |       |       ||   241
       Headbutt          |    13 |    19 |    87 |   161 |   308 |   349 |    31 ||   968
       Long sword        |       |       |   295 |   608 |   648 |       |       ||  1551
       Great sword       |       |       |       |    17 |       |       |       ||    17
       Double sword      |       |       |       |       |   361 |  1113 |    94 ||  1568
Throw: Javelin           |       |       |       |       |    96 |    87 |       ||   183
Invok: Berserk           |       |     3 |     1 |     2 |     3 |     5 |     1 ||    15
       Trog's Hand       |       |       |       |       |     1 |     6 |     2 ||     9
       Brothers in Arms  |       |       |       |       |     1 |     5 |     3 ||     9
 Abil: Evoke Blink       |       |       |       |       |     1 |       |       ||     1
Evoke: Wand              |       |       |       |       |       |       |     1 ||     1
  Use: Scroll            |       |     9 |     1 |    19 |    12 |    13 |     1 ||    55
       Potion            |       |       |       |     1 |     6 |     7 |     2 ||    16
 Stab: Sleeping          |     2 |     1 |       |       |       |       |       ||     3
       Distracted        |       |       |       |       |       |     5 |     1 ||     6
  Eat: Chunk             |     3 |     6 |    17 |    19 |    50 |    47 |     2 ||   144
       Ration            |       |     1 |       |     4 |     1 |       |       ||     6
Armor: Animal skin       |     8 |     9 |       |       |       |       |       ||    17
       Ring mail         |       |     7 |    22 |       |       |       |       ||    29
       Chain mail        |       |       |   112 |   328 |   471 |   318 |       ||  1229
       Plate armour      |       |       |       |       |       |   113 |    44 ||   157
Dodge: Dodged            |    42 |    90 |   136 |   246 |   590 |   604 |    57 ||  1765
Block: Buckler           |       |     2 |    83 |   167 |    99 |       |       ||   351
       Shield            |       |       |       |       |   617 |  1005 |    91 ||  1713
       Rpst.: Falchion   |    14 |    25 |     5 |       |       |       |       ||    44
       Long sword        |       |       |    30 |    60 |    85 |       |       ||   175
       Great sword       |       |       |       |     3 |       |       |       ||     3
       Double sword      |       |       |       |       |    36 |   122 |    12 ||   170
